 Dungeon Crawl Stone Soup version 0.31.0-11-ge490571c62 (webtiles) character file.

Game seed: 15631492871241261015

59069 monsoonserge the Slicer (level 14, -5/72 HPs)
             Began as a Spriggan Monk on Feb 9, 2024.
             Was a Follower of Uskayaw.
             Killed by the air
             ... invoked by a wind drake
              (12 damage)
             ... on level 5 of the Lair of Beasts.
             The game lasted 01:07:29 (20213 turns).

monsoonserge the Slicer (Spriggan Monk)            Turns: 20213, Time: 01:07:30

Health: -5/72      AC: 10    Str:  7    XL:     14   Next: 51%
Magic:  0/22       EV: 22    Int: 13    God:    Uskayaw [*.....]
Gold:   1038       SH: 15    Dex: 21    Spells: 13/13 levels left

rFire   . . .        O - +8 Vampire's Tooth {megavamp}
rCold   + . .        A - +0 buckler
rNeg    . . .        G - +0 swamp dragon scales
rPois   +            (helmet restricted)
rElec   +            x - scarf {repulsion}
rCorr   .            (gloves unavailable)
SInv    +            (boots unavailable)
Will    ++...        b - brooch of Shielding {Spirit SH+8}
Stlth   +++++        d - ring of protection from fire
HPRegen 0.32/turn    Q - ring "Wimoxt" {Ice rElec}
MPRegen 0.18/turn

%: repel missiles, guardian spirit
@: very quick
A: very small, no large weapons, unfitting armour, see invisible, speed 3
a: Renounce Religion, Stomp


You were on level 5 of the Lair of Beasts.
You worshipped Uskayaw.
Uskayaw was aware of your devotion.
You visited 3 branches of the dungeon, and saw 19 of its levels.
You also visited: Volcano.

You collected 1098 gold pieces.
You spent 60 gold pieces at shops.

Inventory:

Hand Weapons
 O - the +8 Vampire's Tooth (weapon) {megavamp}
   (You found it on level 11 of the Dungeon)
Missiles
 a - 11 boomerangs (quivered)
 h - 60 poisoned darts
 t - 4 throwing nets
 C - 6 curare-tipped darts
 V - 2 atropa-tipped darts
Armour
 x - a scarf of repulsion (worn)
 A - a +0 buckler (worn)
 G - +0 swamp dragon scales (worn)
 U - +0 steam dragon scales
Jewellery
 b - the brooch of Shielding (around neck) {Spirit SH+8}
   (You took it off a centaur warrior on level 8 of the Dungeon)

   [amulet of guardian spirit]

   Spirit:    It causes incoming damage to be divided between your reserves of
   health and magic.
   SH+8:      It affects your SH (+8).
 d - a ring of protection from fire (left hand)
 Q - the ring "Wimoxt" (right hand) {Ice rElec}
   (You found it on level 10 of the Dungeon)

   [ring of ice]

   Ice:       It enhances your ice magic.
   rF-:       It makes you vulnerable to fire.
   rC+:       It protects you from cold.
   rElec:     It insulates you from electricity.
 R - an amulet of reflection
Wands
 o - a wand of mindburst (8)
 z - a wand of flame (24)
 E - a wand of digging (8)
 K - a wand of quicksilver (6)
 M - a wand of paralysis (8)
 P - a wand of polymorph (6)
Scrolls
 e - 9 scrolls of teleportation
 i - 4 scrolls of revelation
 k - 2 scrolls of immolation
 m - 2 scrolls of blinking
 q - 6 scrolls of fear
 r - 3 scrolls of amnesia
 u - 3 scrolls of enchant weapon {unknown}
 y - a scroll of poison
 D - a scroll of vulnerability
 H - a scroll of enchant armour
 I - 2 scrolls of brand weapon
 N - a scroll of acquirement
 S - a scroll of fog {unknown}
Potions
 c - 6 potions of ambrosia
 f - 3 potions of heal wounds
 g - 3 potions of might
 j - 4 potions of haste
 l - 2 potions of degeneration {unknown}
 n - 4 potions of curing
 p - 3 potions of cancellation
 s - 3 potions of attraction
 v - a potion of berserk rage
 w - 2 potions of enlightenment {unknown}
 B - a potion of brilliance
 F - a potion of invisibility
 J - a potion of lignification
 T - 2 potions of mutation
Miscellaneous
 L - a phantom mirror


   Skills:
 + Level 7.9 Fighting
 - Level 14.0 Short Blades
 + Level 4.1 Throwing
 + Level 9.5 Armour
 + Level 12.2 Dodging
 + Level 12.4 Stealth
 + Level 7.8 Shields
 - Level 1.0 Unarmed Combat
 + Level 10.0 Invocations
 + Level 4.3 Evocations


You had 13 spell levels left.
You didn't know any spells.
Your spell library contained the following spells:

 Spells                   Type           Power      Damage    Failure   Level
 Freeze                   Ice            0%         1d3       77%         1
 Slow                     Hex            0%         N/A       77%         1
 Summon Small Mammal      Summ           0%         N/A       77%         1
 Jinxbite                 Hex            0%         N/A       88%         2
 Momentum Strike          Conj/Tloc      0%         3d8       88%         2
 Static Discharge         Conj/Air       0%         3-3/arc   88%         2
 Call Canine Familiar     Summ           0%         N/A       98%         3
 Confusing Touch          Hex            0%         N/A       98%         3
 Frozen Ramparts          Ice            0%         1d1       98%         3
 Fugue of the Fallen      Necr           0%         N/A       98%         3
 Hailstorm                Conj/Ice       0%         3d5       98%         3
 Ozocubu's Armour         Ice            0%         N/A       98%         3
 Sigil of Binding         Hex            0%         N/A       98%         3
 Vampiric Draining        Necr           0%         2d6       98%         3
 Volatile Blastmotes      Fire/Tloc      0%         2d10      98%         3
 Airstrike                Air            0%         2d(0-16)  100%        4
 Dimensional Bullseye     Hex/Tloc       0%         N/A       100%        4
 Manifold Assault         Tloc           0%         N/A       100%        4
 Summon Blazeheart Golem  Fire/Summ      0%         N/A       100%        4
 Summon Lightning Spire   Summ/Air       0%         N/A       100%        4
 Freezing Cloud           Conj/Ice/Air   0%         6-21      100%        5
 Yara's Violent Unravell  Hex/Alch       0%         3d3       100%        5
 Starburst                Conj/Fire      0%         6d3       100%        6
 Enfeeble                 Hex            0%         N/A       100%        7
 Malign Gateway           Summ/Tloc      0%         N/A       100%        7
 Summon Horrible Things   Summ           0%         N/A       100%        8


Dungeon Overview and Level Annotations

Branches:
Dungeon (13/15)            Temple (1/1) D:7            Lair (5/5) D:10
  Swamp (0/4) Lair:2        Snake (0/4) Lair:3        Slime (0/5) Lair:4
Volcano (visited)
    Orc: D:9-12      Vaults: D:13-14

Altars:
Ashenzari
Cheibriados
Dithmenos
Elyvilon
Fedhas
Gozag
Hepliaklqana
Kikubaaqudgha
Makhleb
Nemelex Xobeh
Okawaru
Qazlal
Ru
Sif Muna
Trog
Uskayaw
Vehumet
Wu Jian
Xom
Yredelemnul
Zin
The Shining One
Jiyva

Shops:
D:3 ?

Annotations:
D:12 2 runed translucent doors, exclusion: obsidian statue, lonewolfV2's ghost, journeyman FoFi


Innate Abilities, Weirdness & Mutations

You are very small and have problems with some larger weapons.
You are too small for most types of armour.
You have supernaturally acute eyesight. (SInv)
You cover ground extremely quickly. (Speed+++)


Message History

The sea snake bites you but does no damage.
You can now pass through a line of other dancers.
The sea snake attacks as it pursues you!
The sea snake completely misses you. The sea snake bites you.
The blink frog blinks!
You block the sea snake's attack.
You stomp with the beat, sending a shockwave through the revellers around you!
The sea snake is moderately wounded.
The blink frog is heavily wounded.
You can no longer pass through a line of other dancers.
You block the blink frog's attack. The sea snake bites you!!
You block the blink frog's attack.
Unknown command.
You stomp with the beat, sending a shockwave through the revellers around you!
The sea snake is severely wounded.
The blink frog is severely wounded.
The sea snake completely misses you. The blink frog closely misses you.
The sea snake bites you. The wind drake flaps its wings at you.
The air twists around and strikes you!
Unknown command.
You stomp with the beat, sending a shockwave through the revellers around you!
The sea snake is almost dead.
You kill the blink frog!
You can no longer stomp with the beat.
You block the sea snake's attack. The wind drake flaps its wings at you.
The air twists around and strikes you!!
* * * LOW HITPOINT WARNING * * *
You can now stomp with the beat.
Unknown command.
Press: ? - help, v - describe, . - travel Some shallow water.
The sea snake attacks as it pursues you!
You block the sea snake's attack. The wind drake flaps its wings at you.
The air twists around and strikes you!
* * * LOW HITPOINT WARNING * * *
The wind drake flaps its wings at you. The air twists around and strikes you!
You die...

#.....#.......~~~~~~~~~~~~~~~
#P.............##~~##†~##.P~#
##............~##~~##~~#~.~##
#...............~.~..~..~.~~.
##.........................~P
#...........................
#..##..#..........k.........
### ###.........S..........P
##..<@................
#....†..........≈≈≈≈≈.
#...............≈≈≈#≈.
##..............≈≈≈≈≈.
#..............≈§≈§≈.
#..............≈§≈§≈.
#..............§§..
.#######.#.##..P##. #####
.###


You could see a sea snake and a wind drake (repels missiles).

Vanquished Creatures
  Kirke (Lair:4)
  An eleionoma (Lair:2)
  Snorg (D:10)
  A fire dragon (D:10)
  Harold (D:11)
  8 hydras
  An ogre mage (D:10)
  Erica (Lair:1)
  3 two-headed ogres
  4 centaur warriors
  5 death yaks
  A tengu warrior (D:13)
  A hell hog (Volcano)
  An orc high priest (D:10)
  4 boulder beetles
  Nergalle (D:10)
  Sonja (Lair:1)
  A deep troll (Lair:1)
  A lindwurm (Volcano)
  An ugly thing (D:10)
  A cyclops (D:11)
  2 oklob plants (Lair:4)
  Maurice (D:9)
  15 elephants
  Maggie (D:8)
  4 black mambas
  9 cane toads
  Jeremiah (D:9)
  A torpor snail (Lair:5)
  2 rime drakes
  Psyche (D:9)
  9 komodo dragons
  3 trolls
  2 polar bears
  7 hornets
  Prince Ribbit (D:8)
  21 blink frogs
  9 dream sheep
  A slime creature (D:11)
  3 shadows
  2 wraiths (D:11)
  Sigmund (D:2)
  3 fire bats (Lair:4)
  21 yaks
  6 wyverns
  2 humans (Lair:4)
  Grum (Lair:1)
  4 steam dragons
  2 basilisks
  4 vampire mosquitoes (D:11)
  3 nagas (Lair:3)
  Edmund (D:4)
  An acid dragon (D:9)
  7 water moccasins
  A hell hound (Volcano)
  8 orc warriors
  An ice beast (D:7)
  A laughing skull (D:8)
  A sky beast (D:4)
  3 black bears
  2 ogres
  A boggart (D:10)
  2 wolves (D:10)
  6 centaurs
  A phantom (D:5)
  4 kobold brigands
  15 bullfrogs
  4 gnoll sergeants
  4 scorpions
  A wight (D:8)
  3 howler monkeys (D:11)
  2 electric eels
  A bombardier beetle (D:6)
  3 jellies
  4 orc priests
  4 gnoll boudas
  3 hounds
  An iguana (D:6)
  Terence (D:2)
  13 orc wizards
  A sleepcap (D:7)
  Robin (D:4)
  26 gnolls
  8 adders
  A white imp (D:12)
  2 dart slugs (D:1)
  47 orcs
  4 ball pythons
  9 bats
  9 endoplasms
  5 giant cockroaches
  18 goblins
  8 hobgoblins
  4 quokkas
  3 frilled lizards (D:3)
  20 kobolds
  7 rats
454 creatures vanquished.

Vanquished Creatures (others)
  A water moccasin (Lair:4)
  2 humans
3 creatures vanquished.

Grand Total: 457 creatures vanquished

Notes
Turn   | Place    | Note
-------+----------+-------------------------------------------
     0 | D:1      | monsoonserge the Spriggan Monk began the quest for the Orb.
     0 | D:1      | Reached XP level 1. HP: 11/11 MP: 2/2
   106 | D:1      | Reached XP level 2. HP: 16/16 MP: 3/3
   453 | D:1      | Found a faded altar of an unknown god.
   501 | D:1      | Got Ihexor's Compendium of Distorted Fascination
   521 | D:1      | Reached XP level 3. HP: 16/19 MP: 4/4
   658 | D:1      | Reached skill level 4 in Short Blades
   738 | D:1      | Reached skill level 1 in Stealth
  1217 | D:2      | Reached XP level 4. HP: 23/23 MP: 5/5
  1263 | D:2      | Identified the +4 spear of the Many Nights {elec, ^Fragile
                  | rElec rPois Stlth+}
  1328 | D:2      | Noticed Sigmund
  1345 | D:2      | Killed Sigmund
  1346 | D:2      | Reached skill level 6 in Short Blades
  1346 | D:2      | Reached XP level 5. HP: 27/28 MP: 4/6
  1485 | D:2      | Noticed Terence
  1497 | D:2      | Killed Terence
  1498 | D:2      | Reached skill level 5 in Dodging
  1733 | D:3      | Found a radiant altar of Vehumet.
  1752 | D:3      | Reached XP level 6. HP: 31/32 MP: 5/7
  1770 | D:3      | Found an ornate altar of the Wu Jian Council.
  1793 | D:3      | Found a hide-covered altar of Uskayaw.
  1797 | D:3      | Became a worshipper of Uskayaw the Reveller
  1797 | D:3      | Reached * piety under Uskayaw
  1948 | D:3      | Found an ancient bone altar of Kikubaaqudgha.
  1948 | D:3      | Noticed a human
  1952 | D:3      | Killed a human
  2055 | D:3      | Reached ** piety under Uskayaw
  2079 | D:3      | Found Usez's Magic Scroll Boutique.
  2082 | D:3      | Bought a scroll of fear for 48 gold pieces
  2082 | D:3      | Bought a scroll of noise for 12 gold pieces
  2712 | D:4      | Noticed Robin
  2749 | D:4      | Noticed a yak
  3031 | D:4      | Reached skill level 1 in Invocations
  3038 | D:4      | HP: 1/32 [poisoned by a scorpion]
  3165 | D:4      | Noticed Edmund
  3540 | D:4      | Killed Edmund
  3541 | D:4      | Reached skill level 7 in Short Blades
  3541 | D:4      | Reached XP level 7. HP: 25/36 MP: 0/9
  3745 | D:4      | Reached skill level 1 in Throwing
  4083 | D:4      | Killed Robin
  4140 | D:3      | Killed a yak
  4195 | D:5      | Entered Level 5 of the Dungeon
  4298 | D:5      | Reached skill level 8 in Short Blades
  4298 | D:5      | Reached XP level 8. HP: 40/40 MP: 10/10
  4360 | D:5      | Found a sacrificial altar of Ru.
  4749 | D:5      | Found a sparkling altar of Nemelex Xobeh.
  5028 | D:5      | Reached skill level 5 in Stealth
  5029 | D:5      | Found a glowing silver altar of Zin.
  5228 | D:6      | Found a stormy altar of Qazlal.
  5506 | D:6      | Found an iron altar of Okawaru.
  5515 | D:6      | Reached skill level 9 in Short Blades
  5649 | D:6      | Found a shimmering altar of Xom.
  6101 | D:7      | Found a staircase to the Ecumenical Temple.
  6108 | D:7      | HP: 2/42 [centaur/arrow (11)]
  6303 | D:6      | Reached XP level 9. HP: 45/45 MP: 12/12
  7094 | D:7      | Reached *** piety under Uskayaw
  7585 | Temple   | Entered the Ecumenical Temple
  7938 | D:7      | Reached skill level 1 in Shields
  7971 | D:7      | Reached skill level 10 in Short Blades
  8727 | D:8      | Noticed Prince Ribbit
  8747 | D:8      | Killed Prince Ribbit
  8748 | D:8      | Reached skill level 5 in Invocations
  9041 | D:8      | Noticed Maggie
  9054 | D:8      | Killed Maggie
  9055 | D:8      | Reached XP level 10. HP: 31/51 MP: 10/14
  9237 | D:8      | Reached skill level 1 in Armour
  9244 | D:8      | Reached **** piety under Uskayaw
  9261 | D:8      | Found a glowing silver altar of Zin.
  9393 | D:8      | Noticed a six-headed hydra
  9393 | D:8      | Noticed a boulder beetle
  9393 | D:8      | Noticed a centaur warrior
  9393 | D:8      | Noticed a two-headed ogre
 10210 | D:9      | Reached skill level 10 in Stealth
 10399 | D:9      | Noticed Psyche
 10416 | D:9      | Killed Psyche
 10417 | D:9      | Reached skill level 5 in Fighting
 10551 | D:9      | Found a glowing golden altar of the Shining One.
 10926 | D:9      | Noticed Maurice
 10928 | D:9      | Killed Maurice
 10999 | D:9      | Noticed Jeremiah
 11017 | D:9      | Killed Jeremiah
 11198 | D:8      | Noticed a centaur warrior
 11375 | D:8      | Killed a centaur warrior
 11376 | D:8      | Reached XP level 11. HP: 23/56 MP: 16/16
 11496 | D:8      | Killed a six-headed hydra
 11654 | D:8      | Noticed a centaur warrior
 11666 | D:8      | HP: 1/56 [centaur warrior/the +8 frozen axe "Frostbite"
                  | {freeze, freezing cloud, *Noise Fly rC+} (3)]
 11668 | D:8      | Killed a centaur warrior
 11669 | D:8      | Reached skill level 5 in Armour
 11860 | D:8      | Killed a centaur warrior
 11987 | D:8      | Killed a two-headed ogre
 12074 | D:8      | Killed a boulder beetle
 12087 | D:8      | Got the Precepts of Disjunct Damage
 12263 | D:10     | Entered Level 10 of the Dungeon
 12362 | D:10     | Noticed a death yak
 12364 | D:10     | Noticed a death yak
 12373 | D:10     | Noticed a death yak
 12377 | D:10     | Noticed a death yak
 12379 | D:10     | Noticed a death yak
 12389 | D:10     | Noticed a death yak
 12435 | D:11     | Reached skill level 1 in Evocations
 12575 | D:11     | Noticed a two-headed ogre
 12586 | D:11     | Killed a two-headed ogre
 12603 | D:11     | Noticed Harold
 12739 | D:11     | Found the +8 Vampire's Tooth {megavamp}
 12916 | D:11     | Noticed a boulder beetle
 12946 | D:11     | Killed a boulder beetle
 13090 | D:11     | You fall into a shaft and drop 2 floors!
 13095 | D:13     | Noticed a five-headed hydra
 13100 | D:13     | Killed a five-headed hydra
 13166 | D:13     | Noticed a four-headed hydra
 13173 | D:13     | Killed a four-headed hydra
 13193 | D:13     | Noticed a tengu warrior
 13201 | D:13     | Killed a tengu warrior
 13202 | D:13     | Reached skill level 5 in Shields
 13202 | D:13     | Reached XP level 12. HP: 60/60 MP: 18/18
 13297 | D:12     | Found a runed translucent door.
 13301 | D:12     | Noticed a tengu reaver
 13302 | D:12     | Noticed a lich
 13303 | D:12     | Noticed lonewolfV2's ghost (journeyman FoFi)
 13305 | D:12     | Noticed an iron dragon
 13310 | D:12     | Found a runed translucent door.
 13511 | D:11     | Killed Harold
 13899 | D:11     | Killed a death yak
 14051 | D:11     | Killed a death yak
 14222 | D:11     | Killed a death yak
 14223 | D:11     | Reached skill level 11 in Short Blades
 14223 | D:11     | Killed a death yak
 14444 | D:10     | Reached skill level 10 in Dodging
 14562 | D:10     | Killed a death yak
 14609 | D:10     | Found a staircase to the Lair.
 14646 | D:10     | Found a broken altar of Ashenzari.
 14653 | D:10     | Noticed Nergalle
 14668 | D:10     | Killed Nergalle
 14811 | D:10     | Noticed Snorg
 14814 | D:10     | Killed Snorg
 14924 | D:10     | Noticed a two-headed ogre
 14938 | D:10     | Killed a two-headed ogre
 15088 | D:10     | Found a runed translucent door.
 15088 | D:10     | Noticed a centaur warrior
 15089 | D:10     | Noticed an orc high priest
 15097 | D:10     | Killed a centaur warrior
 15239 | D:10     | Killed an orc high priest
 15240 | D:10     | Reached skill level 12 in Short Blades
 15251 | D:10     | Noticed an ogre mage
 15253 | D:10     | Killed an ogre mage
 15255 | D:10     | Noticed a fire dragon
 15257 | D:10     | Killed a fire dragon
 15268 | D:10     | Identified the ring "Wimoxt" {Ice rElec}
 15314 | Lair:1   | Entered Level 1 of the Lair of Beasts
 15342 | Lair:1   | Noticed Grum
 15589 | Lair:1   | Noticed Erica
 15599 | Lair:1   | Killed Erica
 15600 | Lair:1   | Reached XP level 13. HP: 65/65 MP: 15/20
 15660 | Lair:1   | Identified a scroll of acquirement
 15673 | Lair:1   | Killed Grum
 15806 | Lair:1   | Noticed Sonja
 15819 | Lair:1   | Killed Sonja
 15820 | Lair:1   | Reached ***** piety under Uskayaw
 16358 | Lair:2   | Reached skill level 13 in Short Blades
 16787 | Lair:2   | Found a staircase to the Swamp.
 16787 | Lair:2   | Noticed an eleionoma
 16816 | Lair:2   | Killed an eleionoma
 17994 | Lair:3   | Found a staircase to the Snake Pit.
 18941 | Lair:4   | Reached XP level 14. HP: 72/72 MP: 20/22
 19000 | Lair:4   | Found a dark tunnel.
 19027 | Volcano  | Entered a volcano
 19086 | Volcano  | Reached skill level 14 in Short Blades
 19135 | Volcano  | Reached skill level 10 in Invocations
 19317 | Lair:4   | Noticed Kirke
 19334 | Lair:4   | Killed Kirke
 19345 | Lair:4   | Reached ****** piety under Uskayaw
 19888 | Lair:4   | Found a viscous altar of Jiyva.
 19892 | Lair:4   | Found a staircase to the Slime Pits.
 19902 | Lair:4   | Reached skill level 1 in Unarmed Combat
 20079 | Lair:5   | Entered Level 5 of the Lair of Beasts
 20213 | Lair:5   | Killed from afar by a wind drake

Illustrated notes

Levels and vault maps discovered:
D:1:      scummos_arrival_gate, layout_loops_corners,
          hellmonk_ecumenical_altar_blasted
D:2:      layout_basic, minmay_pentomino_r2, uniq_terence, uniq_sigmund
D:3:      layout_basic, marbit_many_paths, mainiacjoe_overflow_alcove_2,
          mainiacjoe_overflow_cross_hatched, tgw_kikubaaqudgha, serial_shops,
          nicolae_shop_rolled_up, kennysheep_generic_room_5
D:4:      cheibrodos_barr_body, layout_gridville, uniq_edmund, uniq_robin
D:5:      layout_basic, zin_scriptorium,
          mainiacjoe_overflow_concentric_impassable,
          nicolae_ru_sacrificial_ziggurat, chequers_serial_rivers_small_a
D:6:      layout_basic, kennysheep_mini_moat, amcnicky_altar_gilded,
          old_standard_altar
D:7:      layout_loops_ring, minmay_temple_entry_proselytizer
D:8:      minmay_the_grid_octo_2x2 [minmay_the_grid_octo_odd_swirl,
          minmay_the_grid_octo_vomiting_pacman, minmay_the_grid_octo_concentric,
          minmay_the_grid_octo_prize_square_snowflake], layout_basic,
          minmay_parallelograms, nicolae_concentric_dashed_squares_mild,
          serial_bayou_pond_e, uniq_prince_ribbit1, uniq_maggie
D:9:      layout_roguey, mainiacjoe_overflow_paths, corexii_leaking_fountain,
          uniq_psyche, uniq_jeremiah, uniq_maurice
D:10:     layout_basic, general_overflow_altar, dpeg_lair_monsters, st_stairs_3,
          minivault_13, uniq_nergalle, uniq_snorg
D:11:     layout_irregular_city, nicolae_water_bricks, uniq_harold
D:12:     layout_loops_ring, david_orc_4, muffindrake_ghost_dual_entry,
          hangedman_devilish_allure, uniq_frances
D:13:     layout_roguey, xom_redecorated
Temple:   cyrus_temple_forest
Lair:1:   dreamdust_cave_troll, layout_concentric_octagons, wad_woods_road_04,
          lemuel_fruit_tree, uniq_grum, uniq_erica, uniq_sonja
Lair:2:   layout_gridlike, alex1729_swamp_entry_worm_eleionoma,
          dreamdust_wasp_nest
Lair:3:   layout_loops_ring, minmay_snake_entry_guardpost_small,
          cheibrodos_lair_caveside_slide
Lair:4:   nzn_winding_woodlands_cross [nzn_winding_woodlands_5x15_zeroes,
          nzn_winding_woodlands_5x15_pathside_ponds,
          nzn_winding_woodlands_5x15_longhouse,
          nzn_winding_woodlands_5x15_default,
          nzn_winding_woodlands_15x15_killbox], layout_long_grid,
          minmay_slime_entry_oklob_enclosed, nicolae_volcano_entry_batcave,
          serial_bayou_pond_b, uniq_kirke
Lair:5:   gammafunk_lair_ancient_temple, layout_gridlike

Skill      XL: |  1  2  3  4  5  6  7  8  9 10 11 12 13 14 |
---------------+-------------------------------------------+-----
Short Blades   | 4 6 7 8 9 10 12 13 14 | 14.0
Stealth        | 1 2 3 4 6 8 10 12 | 12.4
Fighting       | 3 4 5 6 7 |  7.9
Dodging        | 5 6 8 9 10 11 12 | 12.2
Invocations    | 1 2 3 5 6 7 8 9 10 | 10.0
Throwing       | 1 2 3 4 |  4.1
Shields        | 2 3 5 6 7 |  7.8
Armour         | 4 7 8 9 |  9.5
Evocations     | 3 4 |  4.3
Unarmed Combat | 1 |  1.0

Action                     |  1- 3 |  4- 6 |  7- 9 | 10-12 | 13-15 || total
---------------------------+-------+-------+-------+-------+-------++-------
  Melee: Short sword       |   105 |    14 |   410 |   326 |       ||   855
         Punch             |     1 |     1 |     2 |       |       ||     4
         Rapier            |       |   151 |       |       |       ||   151
         Quick blade       |       |       |       |   446 |   720 ||  1166
         Unarmed           |       |       |       |       |     5 ||     5
  Throw: Dart              |       |    10 |     1 |       |     1 ||    12
         Boomerang         |       |     9 |    12 |     9 |     3 ||    33
 Invoke: Stomp             |       |     9 |     8 |    33 |    30 ||    80
         Line Pass         |       |       |       |    15 |     3 ||    18
         Grand Finale      |       |       |       |       |     1 ||     1
  Evoke: Wand              |       |       |       |     7 |     2 ||     9
         Phantom mirror    |       |       |       |       |     1 ||     1
    Use: Scroll            |       |       |     7 |     3 |    10 ||    20
         Potion            |       |       |       |     1 |     2 ||     3
   Stab: Sleeping          |     7 |     9 |    18 |    22 |    24 ||    80
         Distracted        |       |       |     2 |     1 |     3 ||     6
         Confused          |       |       |       |    14 |     2 ||    16
         Paralysed         |       |       |       |    15 |    26 ||    41
 Armour: Robe              |    21 |    39 |    86 |       |       ||   146
         Swamp dragon scal |       |       |       |   196 |   118 ||   314
         Skin              |       |       |       |       |     1 ||     1
  Dodge: Dodged            |    60 |   124 |   265 |   232 |   201 ||   882
         Repelled          |       |       |     1 |     3 |     1 ||     5
  Block: Buckler           |       |       |    19 |   272 |   190 ||   481
